 Dungeon Crawl Stone Soup version 0.29-a0-961-gfab03dca74 (webtiles) character file.

Game seed: 9060245622553007643

23286 CannotBeFrozen the Grappler (level 12, 0/106 HPs)
             Began as a Demigod Transmuter on July 29, 2022.
             Killed from afar by a lindwurm (25 damage)
             ... with a blast of flame
             ... on level 3 of the Lair of Beasts on July 30, 2022.
             The game lasted 01:06:24 (22633 turns).

CannotBeFrozen the Grappler (Demigod Transmuter)   Turns: 22633, Time: 01:06:25

Health: 0/106      AC: 13    Str: 19    XL:     12   Next: 37%
Magic:  24/25      EV: 13    Int: 19    God:
Gold:   347        SH:  5    Dex: 18    Spells: 15/23 levels left

rFire   . . .      SeeInvis .     - Unarmed
rCold   . . .      Faith    .   (no shield)
rNeg    + + .      Spirit   .   q - +0 ring mail {rPois}
rPois   +          Reflect  +   (helmet currently unavailable)
rElec   +          Harm     .   z - +0 cloak
rCorr   +          Rampage  .   d - +1 pair of gloves {Stlth+}
Will    +....                   (boots currently unavailable)
Stlth   ++........              y - amulet of reflection
HPRegen 0.27/turn               P - ring "Zoadityr" {rElec rN++ rCorr}
MPRegen 0.19/turn               h - +4 ring of protection

@: appendages, wereblooded
A: horns 2, talons 2, high MP 1, forlorn, divine attributes
a: End Transformation


You were on level 3 of the Lair of Beasts.
You had temporarily grown beastly horns and talons.
You visited 2 branches of the dungeon, and saw 13 of its levels.

You collected 823 gold pieces.
You spent 476 gold pieces at shops.

Inventory:

Missiles
 c - 117 stones
 k - 11 poisoned darts (quivered)
 B - 4 boomerangs
 L - 7 curare-tipped darts {=f=F}
 O - a throwing net {=f=F}
Armour
 d - a +1 pair of gloves of stealth (worn)
 e - a +0 helmet (melded)
 j - a +1 pair of boots (melded)
 m - a +2 plate armour of fire resistance
 q - a +0 ring mail of poison resistance (worn)
 z - a +0 cloak (worn)
 I - the +1 scale mail of Hierr {rF++ rC+ Dex+7}
   (You bought it in a shop on level 4 of the Dungeon)

   Dex:       It affects your dexterity (+7).
   rF:        It greatly protects you from fire.
   rC:        It protects you from cold.
Jewellery
 f - an amulet of guardian spirit
 h - a +4 ring of protection (right hand)
 t - a ring of wizardry
 x - an amulet of magic regeneration
 y - an amulet of reflection (around neck)
 D - a ring of fire
 F - an amulet of the acrobat
 P - the ring "Zoadityr" (left hand) {rElec rN++ rCorr}
   (You acquired it on level 2 of the Lair of Beasts)

   [ring of resist corrosion]

   rElec:     It insulates you from electricity.
   rN:        It greatly protects you from negative energy.
   rCorr:     It protects you from acid and corrosion.
Wands
 i - a wand of polymorph (15)
 o - a wand of roots (9)
 r - a wand of light (10)
 J - a wand of charming (8)
 K - a wand of mindburst (14)
Scrolls
 p - a scroll of poison
 s - a scroll of vulnerability
 A - 2 scrolls of magic mapping
 C - 4 scrolls of amnesia
 N - 5 scrolls of identify {@r1}
 Q - 3 scrolls of enchant armour {unknown}
Potions
 a - 5 potions of attraction
 b - 7 potions of lignification
 g - 4 potions of curing {@q1}
 l - 5 potions of resistance
 n - 3 potions of heal wounds {@q2}
 u - a potion of brilliance
 v - a potion of flight
 w - 2 potions of haste
 E - 3 potions of mutation
 G - a potion of berserk rage {unknown}
 H - 2 potions of ambrosia
 M - a potion of cancellation {unknown}


   Skills:
 - Level 10.0 Fighting
 - Level 5.0 Armour
 - Level 5.3 Dodging
 - Level 12.0 Unarmed Combat
 + Level 6.4 Spellcasting
 * Level 8.5 Transmutations


You had 15 spell levels left.
You knew the following spells:

 Your Spells              Type           Power      Damage    Failure   Level
b - Blade Hands           Tmut           19%        N/A       16%         5
w - Wereblood             Tmut           38%        N/A       1%          2
z - Beastly Appendage     Tmut           76%        N/A       1%          1

Your spell library contained the following spells:

 Spells                   Type           Power      Damage    Failure   Level
 Passwall                 Tmut/Erth      18%        N/A       4%          2
 Spider Form              Tmut/Pois      22%        N/A       10%         3
 Shock                    Conj/Air       24%        1d4       19%         1
 Ensorcelled Hibernation  Hex/Ice        12%        N/A       26%         2
 Sublimation of Blood     Necr           6%         N/A       26%         2
 Ice Form                 Ice/Tmut       22%        N/A       30%         4
 Petrify                  Tmut/Erth      22%        N/A       30%         4
 Conjure Flame            Conj/Fire      6%         6-21      47%         3
 Ozocubu's Armour         Ice            6%         N/A       47%         3
 Portal Projectile        Hex/Tloc       12%        N/A       47%         3
 Swiftness                Air            6%         N/A       47%         3
 Tukima's Dance           Hex            6%         N/A       47%         3
 Irradiate                Conj/Tmut      11%        3d15      65%         5
 Airstrike                Air            3%         0-2+      87%         4
 Cause Fear               Hex            3%         N/A       87%         4
 Summon Lightning Spire   Summ/Air       6%         N/A       87%         4
 Metabolic Englaciation   Hex/Ice        3%         N/A       99%         5
 Dragon Form              Tmut           19%        N/A       99%         7
 Simulacrum               Ice/Necr       3%         N/A       100%        6
 Haunt                    Necr/Summ      3%         N/A       100%        7
 Dragon's Call            Summ           3%         N/A       100%        9


Dungeon Overview and Level Annotations

Branches:
Dungeon (10/15)            Temple (0/1) D:6            Lair (3/5) D:9
 Shoals (0/4) Lair:3
  Snake: Lair:2-3    Spider: Lair:2-3       Orc: D:9-12

Shops:
D:4 *(:[[:   D:6 (   D:8 ?

Annotations:
Lair:1 1 runed translucent door, Malachi's ghost, journeyman PaAK


Innate Abilities, Weirdness & Mutations

You have temporarily grown beastly horns and talons.
You have an increased reservoir of magic. (+10% MP)
You shall have no god before yourself.
Your divine heritage dramatically boosts your attributes as you level up.


Message History

Your blood is infused with primal strength.
The lindwurm breathes flames at you. The blast of flame hits you!!
You hear an angry hiss.
HP: 81/106 (-25) MP: 22/25 (-2) =========--- !!
The komodo dragon hisses angrily.
You throw a poisoned dart.
The poisoned dart hits the komodo dragon.
The komodo dragon is poisoned.
You throw a poisoned dart.
The poisoned dart barely misses the komodo dragon.
A komodo dragon comes into view.
The komodo dragon closely misses you.
The komodo dragon moves out of view.
You see here a +0 chain mail.
You hit the komodo dragon but do no damage.
You claw the komodo dragon. Your headbutt misses the komodo dragon.
The komodo dragon is lightly wounded.
The komodo dragon bites you!!
HP: 57/106 (-26) ======------ !!
You barely miss the komodo dragon.
You claw the komodo dragon, but do no damage.
You headbutt the komodo dragon!
The komodo dragon is moderately wounded.
The komodo dragon bites you!!
* * * LOW HITPOINT WARNING * * *
HP: 29/106 (-28) ===--------- !!
Aiming: Charm
Press: ? - help, Shift-Dir - straight line, f/p - komodo dragon
Aim: a komodo dragon (lightly wounded, poisoned, chance to affect: 31%)
The komodo dragon easily resists.
The komodo dragon bites you.
* * * LOW HITPOINT WARNING * * *
HP: 24/106 (-5) ==----------
Aiming: Charm
Press: ? - help, Shift-Dir - straight line, f/p - komodo dragon
Aim: a komodo dragon (lightly wounded, poisoned, chance to affect: 31%)
The komodo dragon is charmed.
The lindwurm breathes flames at you.
The blast of flame hits your komodo dragon!!
The blast of flame hits you!!
You die...

.........'.....###.#..####
# #..[....†#..#.## #...##
#...P...###### ###.##
##.........# #..#
#.#....P.### #.##
#.........## ##.####
#..........# ##$......
#.........######..>.....
#.........@lk(##../..... .
#..........##(.......... .
#.........######.......$
.. #P.........# #........
#.# ######..#### #######.#
### #


You could see a lindwurm (catching breath, ally target) and a friendly komodo
dragon (charmed, poisoned).

Vanquished Creatures
  Erica (D:10)
  5 death yaks
  A cyclops (D:10)
  2 black mambas
  8 cane toads
  Psyche (D:10)
  2 torpor snails
  Maggie (D:7)
  3 komodo dragons
  An unseen horror (D:10)
  2 hornets
  13 blink frogs
  A wyvern (Lair:3)
  39 yaks
  2 steam dragons
  3 acid dragons
  6 water moccasins
  A sky beast (D:7)
  4 orc warriors
  2 black bears
  An ice beast (D:5)
  4 ogres
  6 centaurs
  A phantom (D:5)
  4 kobold brigands
  8 bullfrogs
  2 gnoll sergeants
  2 necrophages (D:5)
  2 scorpions (D:7)
  4 wights (D:6)
  4 killer bees (D:9)
  7 electric eels
  A jelly (D:5)
  A gnoll bouda (D:5)
  7 orc priests
  2 hounds
  4 iguanas (D:6)
  3 orc wizards
  16 gnolls
  2 adders
  A shadow imp (D:8)
  A white imp (D:6)
  4 worms
  3 dart slugs
  33 orcs
  3 bats (D:1)
  5 endoplasms
  2 giant cockroaches
  9 goblins
  4 hobgoblins
  4 jackals (D:4)
  3 quokkas
  6 ball pythons
  4 frilled lizards
  22 kobolds
  5 rats
288 creatures vanquished.

Vanquished Creatures (collateral kills)
  2 yaks
2 creatures vanquished.

Vanquished Creatures (others)
  5 yaks
  6 fungi
  33 plants
44 creatures vanquished.

Grand Total: 334 creatures vanquished

Notes
Turn   | Place    | Note
-------+----------+-------------------------------------------
     0 | D:1      | CannotBeFrozen the Demigod Transmuter began the quest for
                  | the Orb.
     0 | D:1      | Reached XP level 1. HP: 15/15 MP: 5/5
   250 | D:1      | Reached skill level 1 in Fighting
   590 | D:1      | Reached skill level 3 in Unarmed Combat
   617 | D:1      | Reached XP level 2. HP: 22/23 MP: 7/7
   689 | D:1      | Learned a level 2 spell: Wereblood
  2730 | D:3      | Reached XP level 3. HP: 28/28 MP: 8/8
  3026 | D:3      | Noticed Terence
  3452 | D:3      | Reached XP level 4. HP: 26/35 MP: 10/10
  3684 | D:4      | Found Wefetux's Book Emporium.
  3703 | D:4      | Found Wax Cou's Armour Boutique.
  3705 | D:4      | Found Marusowk's Antique Weapon Emporium.
  3720 | D:4      | Identified the +3 dagger "Orchubaujo" {freeze, rC+ rN+
                  | Int+3}
  3748 | D:4      | Noticed a black bear
  3788 | D:4      | Killed a black bear
  3789 | D:4      | Reached skill level 4 in Unarmed Combat
  3789 | D:4      | Reached XP level 5. HP: 21/40 MP: 6/11
  4061 | D:4      | Found Heoraria's Antique Armour Shop.
  4123 | D:4      | Found Hyupruppyu's General Store.
  4130 | D:4      | Learned a level 5 spell: Blade Hands
  4572 | D:4      | Found Birocu's Book Boutique.
  4817 | D:3      | Noticed Terence
  4817 | D:3      | Terence changed into Terence the rat
  4819 | D:3      | Killed Terence the rat
  5148 | D:4      | Bought a +1 pair of gloves of stealth for 181 gold pieces
  5292 | D:5      | Entered Level 5 of the Dungeon
  5600 | D:5      | Reached skill level 5 in Unarmed Combat
  5600 | D:5      | Reached XP level 6. HP: 11/47 MP: 5/13
  6005 | D:5      | Reached skill level 1 in Armour
  6358 | D:5      | Reached XP level 7. HP: 53/53 MP: 14/14
  6459 | D:5      | Reached skill level 6 in Unarmed Combat
  7427 | D:6      | Identified the +10 short sword of Duicuag {vorpal, rN+
                  | Dex+4}
  7548 | D:6      | Reached XP level 8. HP: 63/63 MP: 13/15
  7579 | D:6      | Reached skill level 7 in Unarmed Combat
  7667 | D:6      | Identified the +3 hand axe "Tuesy" {vorpal, rF+ Will- Str+4
                  | Dex+2}
  8092 | D:6      | Found Etzuy's Weapon Boutique.
  8344 | D:6      | Found a staircase to the Ecumenical Temple.
  8819 | D:7      | Noticed Maggie
  8834 | D:7      | Killed Maggie
  9010 | D:7      | Identified the +7 flail "Deled" {flame, rC+}
  9578 | D:7      | HP: 2/66 [electric eel/bolt of electricity (10)]
 10072 | D:7      | Reached skill level 8 in Unarmed Combat
 10372 | D:7      | Reached XP level 9. HP: 66/71 MP: 17/17
 11093 | D:4      | Bought a citrine-encrusted scale mail for 243 gold pieces
 11093 | D:4      | Identified the +1 scale mail of Hierr {rF++ rC+ Dex+7} (You
                  | bought it in a shop on level 4 of the Dungeon)
 11254 | D:8      | Identified the +8 chain mail of Napsonus {rElec Will- Str-5
                  | Dex+9}
 11510 | D:8      | Reached skill level 5 in Fighting
 11510 | D:8      | Reached skill level 9 in Unarmed Combat
 12351 | D:8      | Found Yjacemaer's Magic Scroll Shop.
 12360 | D:8      | Bought a scroll of identify for 26 gold pieces
 12360 | D:8      | Bought a scroll of identify for 26 gold pieces
 12874 | D:9      | Reached XP level 10. HP: 79/83 MP: 15/19
 13295 | D:9      | Reached skill level 10 in Unarmed Combat
 13908 | D:9      | Noticed a death yak
 14234 | D:9      | Noticed a death yak
 14346 | D:9      | Noticed a death yak
 14384 | D:9      | Killed a death yak
 14596 | D:9      | Killed a death yak
 14597 | D:9      | Reached skill level 5 in Armour
 14654 | D:9      | Killed a death yak
 14924 | D:9      | Found a staircase to the Lair.
 15432 | D:10     | Entered Level 10 of the Dungeon
 15432 | D:10     | Noticed Erica
 15758 | D:10     | Noticed Psyche
 16051 | D:9      | HP: 1/86 [yak (7)]
 16431 | D:9      | Reached skill level 11 in Unarmed Combat
 16573 | D:10     | Killed Erica
 16784 | D:10     | Killed Psyche
 16851 | D:10     | Reached XP level 11. HP: 94/94 MP: 19/21
 16915 | D:10     | Noticed Sonja
 16918 | D:10     | Noticed Sonja
 16918 | D:10     | Sonja changed into Sonja the acid dragon
 16928 | D:10     | Killed Sonja the acid dragon
 18132 | Lair:1   | Entered Level 1 of the Lair of Beasts
 18490 | D:9      | Upgraded the game from 0.29-a0-925-g0a7a3d12f8 to
                  | 0.29-a0-961-gfab03dca74
 18558 | Lair:1   | Reached skill level 12 in Unarmed Combat
 18992 | Lair:1   | Reached skill level 10 in Fighting
 19232 | Lair:1   | Found a runed translucent door.
 19238 | Lair:1   | Noticed Malachi's ghost (journeyman PaAK)
 19274 | Lair:1   | Reached skill level 5 in Dodging
 19630 | Lair:2   | Reached skill level 5 in Transmutations
 19977 | Lair:2   | Identified a scroll of acquirement
 19986 | Lair:2   | Acquired the ring "Zoadityr" {rElec rN++ rCorr}
 20201 | Lair:2   | Noticed a death yak
 20201 | Lair:2   | Noticed a death yak
 20231 | Lair:1   | Killed a death yak
 20251 | Lair:1   | Killed a death yak
 20252 | Lair:1   | Reached skill level 5 in Spellcasting
 20739 | Lair:2   | Reached XP level 12. HP: 65/106 MP: 23/23
 21544 | Lair:3   | Found a staircase to the Shoals.
 22501 | Lair:3   | Got Iczuwof's Almanac of United Conflagration
 22633 | Lair:3   | Killed from afar by a lindwurm

Illustrated notes

Levels and vault maps discovered:
D:1:      lemuel_arrival_cross, layout_loops_corners, grunt_decor_mini_mirrors,
          nrook_mini_vaults
D:2:      layout_basic, nicolae_ecumenical_oubliette
D:3:      layout_basic, st_stairs_11, uniq_terence
D:4:      layout_basic, serial_shops, nicolae_stop_n_shop_2,
          nicolae_inconvenience_store, shop_fountains, hex_tiny,
          nicolae_wooded_promenade, st_stairs_2
D:5:      layout_layer_cave, general_overflow_altar
D:6:      layout_cave_pools, minmay_temple_entry_antechambers, serial_shops,
          nicolae_shop_bloodbath_and_beyond
D:7:      layout_cave_pods, lemuel_tele_altar,
          nicolae_uskayaw_murder_on_the_dancefloor, serial_bayou,
          serial_bayou_pond_c, serial_bayou_lake_a, serial_bayou_shore_b,
          uniq_maggie
D:8:      layout_gridville, serial_shops, shop
D:9:      layout_basic, pdpol_wu_jian_five_deadly_venoms, dpeg_lair_monsters
D:10:     layout_cave_pools, mainiacjoe_overflow_alcove_1, nicolae_wwwww,
          minivault_14, uniq_psyche, uniq_erica, uniq_sonja
Lair:1:   layout_concentric_octagons, ebering_ghost_reflecting_pool
Lair:2:   layout_chaotic_city
Lair:3:   layout_roguey, minmay_shoals_entry_centaurs, dummy_spider_entry,
          grunt_forest_small_clearing_treed

Skill      XL: |  1  2  3  4  5  6  7  8  9 10 11 12 |
---------------+-------------------------------------+-----
Fighting       | 1 3 4 5 8 10 | 10.0
Unarmed Combat | 3 4 5 6 8 9 11 12 | 12.0
Transmutations | 2 3 4 6 8 |  8.5
Spellcasting   | 2 3 4 5 6 |  6.4
Dodging        | 2 3 4 5 |  5.3
Armour         | 1 2 3 4 5 |  5.0

Action                   |  1- 3 |  4- 6 |  7- 9 | 10-12 || total
-------------------------+-------+-------+-------+-------++-------
Melee: Unarmed           |   123 |   162 |   350 |   536 ||  1171
       Punch             |     6 |     4 |    13 |    54 ||    77
       Kick              |       |    40 |    97 |   199 ||   336
       Headbutt          |       |    20 |    75 |   127 ||   222
Throw: Dart              |     9 |     4 |    30 |    43 ||    86
       Stone             |     4 |       |    10 |       ||    14
 Cast: Beastly Appendage |       |    32 |    56 |    56 ||   144
       Wereblood         |       |       |     3 |    19 ||    22
Evoke: Wand              |       |     3 |       |    12 ||    15
  Use: Scroll            |     4 |     3 |     8 |     7 ||    22
       Potion            |       |       |       |     4 ||     4
 Stab: Distracted        |       |       |     1 |       ||     1
       Sleeping          |       |       |     1 |     1 ||     2
Armor: Scale mail        |    14 |       |       |       ||    14
       Ring mail         |    37 |    50 |   100 |   186 ||   373
Dodge: Dodged            |   100 |    97 |   146 |   258 ||   601
Block: Other             |       |       |    49 |   121 ||   170
       Reflection        |       |       |     4 |     5 ||     9

Table legend: (Time is in decaauts)
 A = Elapsed time spent in this place.
 B = Non-inter-level travel time spent in this place.
 C = Inter-level travel time spent in this place.
 D = Time resting spent in this place.
 E = Time spent auto-exploring this place.
 F = Levels seen in this place.
 G = Mean time per level.
                   A        B        C        D        E       F      G
               +--------+--------+--------+--------+--------+-----+--------+
         Total |  22546 |  21598 |    948 |   9005 |   8480 |  13 | 1734.3 |
       Dungeon |  18489 |  17560 |    929 |   7201 |   7176 |  10 | 1848.9 |
          Lair |   4057 |   4038 |     19 |   1803 |   1304 |   3 | 1352.3 |
               +--------+--------+--------+--------+--------+-----+--------+

Top non-repeatable levels by time:
     D:9: 3526 daAuts
     D:8: 2491 daAuts
     D:7: 2463 daAuts
     D:5: 1901 daAuts
     D:4: 1731 daAuts
  Lair:2: 1623 daAuts
     D:2: 1573 daAuts
    D:10: 1472 daAuts
     D:1: 1249 daAuts
  Lair:1: 1235 daAuts
  Lair:3: 1197 daAuts
     D:3: 1095 daAuts
     D:6: 984 daAuts
